Map: Vallée des cactus EC

Players

mds - Winner!

  • Race: Protoss Protoss
  • League: Grandmaster

AgCl

  • Race: Protoss Protoss
  • League: Grandmaster

VOD

Have the link to the VOD?

Description

Time

  • Played on: June 8, 2015, 1:18 a.m.
  • Length: 7:32
Show
View Real Time Build Order
Export as new Build Order

mds Protoss - Winner!

Build Orders: Oracle Opening, Oracle Opening 

Get SALT Encoding   

  12  0:01  Probe  
  13  0:14  Pylon  
  13  0:17  Probe  
  14  0:32  Probe (Chrono Boost)  
  15  0:39  Gateway  
  16  0:43  Probe (Chrono Boost)  
  17  0:50  Probe (Chrono Boost)  
  17  1:00  Assimilator  
  17  1:02  Probe, Assimilator  
  18  1:10  Pylon  
  18  1:31  Cybernetics Core  
  18  1:32  Probe (Chrono Boost)  
  19  1:42  Probe (Chrono Boost)  
  20  1:49  Probe (Chrono Boost)  
  21  1:58  Probe (Chrono Boost)  
  22  2:05  Gateway  
  22  2:06  Probe  
  23  2:08  Stalker (Chrono Boost)  
  23  2:12  Stargate  
  25  2:18  Probe  
  25  2:41  Probe (Chrono Boost)  
  25  2:42  Stalker  
  27  2:51  Probe (Chrono Boost)  
  27  3:00  Oracle  
  27  3:04  Pylon  
  30  3:22  Stalker (Chrono Boost)  
  34  3:29  Stalker (Chrono Boost), Probe  
  35  3:57  Nexus  
  35  3:58  Warp Gate (Chrono Boost)  
  35  4:01  Mothership Core  
  37  4:05  Pylon  
  37  4:23  Phoenix  
  39  4:26  Stalker x2  
  42  5:21  Probe (Chrono Boost)  
  42  5:31  Probe (Chrono Boost)  
  42  5:33  Probe (Chrono Boost)  
  44  5:37  Phoenix (Chrono Boost)  
  44  5:39  Probe (Chrono Boost)  
  44  5:41  Probe (Chrono Boost)  
  44  5:52  Probe (Chrono Boost)  
  44  5:55  Assimilator  
  46  5:57  Probe (Chrono Boost)  
  46  5:58  Phoenix  
  46  5:59  Pylon  
  46  6:02  Probe (Chrono Boost)  
  50  6:06  Probe (Chrono Boost)  
  50  6:09  Probe  
  51  6:16  Probe  
  52  6:35  Phoenix  
  54  6:58  Zealot  
  54  6:59  Stalker  
  58  7:22  Gateway  
  58  7:23  Gateway  
  58  7:25  Gateway  
Show
View Real Time Build Order
Export as new Build Order

AgCl Protoss 

Build Orders: 1 Gate Expand, Oracle Opening, Oracle Opening 

Get SALT Encoding   

  12  0:16  Pylon  
  12  0:21  Probe  
  13  0:35  Gateway  
  13  0:36  Probe  
  14  0:48  Probe  
  15  1:00  Probe  
  16  1:05  Assimilator  
  16  1:13  Probe  
  17  1:22  Zealot (Chrono Boost)  
  17  1:25  Probe  
  20  1:37  Probe  
  21  1:44  Nexus  
  21  1:49  Probe  
  22  1:56  Pylon  
  22  2:13  Cybernetics Core  
  22  2:14  Probe (Chrono Boost)  
  23  2:15  Assimilator  
  24  2:24  Probe (Chrono Boost)  
  24  2:39  Probe (Chrono Boost)  
  25  2:53  Mothership Core (Chrono Boost)  
  25  2:54  Stargate  
  25  2:57  Probe (Chrono Boost)  
  26  3:09  Probe (Chrono Boost)  
  28  3:13  Probe (Chrono Boost)  
  29  3:21  Probe (Chrono Boost)  
  29  3:25  Probe (Chrono Boost)  
  29  3:26  Robotics Facility  
  30  3:27  Probe (Chrono Boost), Pylon  
  30  3:34  Probe  
  32  3:38  Probe  
  33  3:46  Probe  
  34  3:49  Oracle (Chrono Boost)  
  34  3:50  Probe  
  38  3:58  Probe  
  38  3:59  Gateway  
  39  4:03  Probe  
  39  4:05  Gateway  
  39  4:09  Pylon  
  40  4:10  Probe  
  40  4:15  Probe  
  42  4:22  Immortal (Chrono Boost), Probe  
  36  4:35  Probe  
  30  4:39  Probe  
  30  4:45  Probe  
  27  4:51  Probe  
  27  4:54  Immortal (Chrono Boost), Phoenix  
  27  4:59  Zealot  
  35  5:01  Assimilator  
  35  5:04  Probe  
  33  5:18  Cybernetics Core  
  33  5:23  Assimilator  
  33  5:25  Probe  
  33  5:28  Zealot  
  36  5:38  Probe (Chrono Boost)  
  36  5:42  Probe (Chrono Boost)  
  38  5:49  Probe (Chrono Boost)  
  39  5:52  Probe (Chrono Boost)  
  41  5:57  Zealot  
  41  5:59  Probe x2 (Chrono Boost)  
  44  6:07  Probe x2, Twilight Council  
  46  6:22  Forge  
  46  6:24  Phoenix (Chrono Boost)  
  47  6:30  Probe  
  44  6:49  Probe (Chrono Boost)  
  44  6:53  Probe (Chrono Boost)  
  44  6:55  Gateway  
  44  7:00  Probe (Chrono Boost)  
  46  7:02  Probe (Chrono Boost)  
  47  7:10  Probe (Chrono Boost)  
  47  7:11  Dark Shrine  
  47  7:17  Probe  
  47  7:18  Probe  
  47  7:22  Pylon  
Tags
 
Add a new tag
Caveats
  • Supply blocks, unpowered buildings, or Contaminate may cause inaccurate times.
  • Supply counts are checked every 10 seconds.